Cogmind - Beta 9.3 @@@ ROGUE MODE // 2019.12.30 @ 22:57:35 Player: mrbill82 Result: Destroyed by S-10 Pest with Light Assault Rifle Performance ------------- Evolutions (0) 0 Regions Visited (1) 200 Robots Destroyed (9) 45 Value Destroyed (229) 229 Prototype IDs (0) 0 Alien Tech Used (0) 0 Bonus (0) 0 TOTAL SCORE: 474 Bonus ------- None Cogmind --------- Core Integrity 0/250 Matter 300/300 Energy 100/100 System Corruption 0% Temperature Cool (0) Movement Core (300) Ox5 Location -10/Materials Parts ------- > --- POWER (1) -------- (None) > --- PROPULSION (2) --- (None) > --- UTILITY (2) ------ Large Storage Unit > --- WEAPON (2) ------- (None) > --- INVENTORY (10) --- Aluminum Leg Aluminum Leg Aluminum Leg Aluminum Leg Light Assault Rifle Light Assault Rifle Peak State ------------ > --- POWER ------------ Ion Engine > --- PROPULSION ------- Aluminum Leg Aluminum Leg > --- UTILITY ---------- Medium Storage Unit > --- WEAPON ----------- Small Laser Light Assault Rifle > --- INVENTORY -------- Aluminum Leg Small Laser Small Laser [Rating: 6] Favorites ----------- Power Ion Engine Engine Ion Engine Propulsion Aluminum Leg Leg Aluminum Leg Utility Large Storage Unit Storage Large Storage Unit Weapon Light Assault Rifle Energy Gun Small Laser Ballistic Gun Light Assault Rifle Launcher Grenade Launcher Build | -11 -10 ------- Run | Scr Mat Slots Evolved . | . . Power . | . . Propulsion . | . . Utility . | . . Weapon . | . . Parts Attached 14 | 5 9 Power 3 | 1 2 Engine 3 | 1 2 Core . | . . Reactor . | . . Propulsion 6 | 2 4 Treads . | . . Leg 6 | 2 4 Wheel . | . . Hover . | . . Flight . | . . Utility 2 | . 2 Device . | . . Storage 2 | . 2 Processor . | . . Hackware . | . . Protection . | . . Artifact . | . . Weapon 3 | 2 1 Energy Gun 1 | 1 . Energy Cannon . | . . Ballistic Gun 1 | 1 . Ballistic Cannon . | . . Launcher 1 | . 1 Special Weapon . | . . Impact Weapon . | . . Slashing Weapon . | . . Piercing Weapon . | . . Special Melee Weapon . | . . Unidentified Prototypes . | . . Parts Lost 6 | . 6 Power 2 | . 2 Propulsion 2 | . 2 Utility . | . . Weapon 2 | . 2 Highest Loss Streak 5 | . 5 Average Slot Usage (%) 77 | . 77 Engine 13 | . 13 Leg 27 | . 27 Storage 11 | . 11 Energy Gun 3 | . 3 Ballistic Gun 12 | . 12 Launcher 9 | . 9 Naked Turns . | . . Heaviest Build 25 | 5 25 Greatest Support 20 | 20 20 Greatest Overweight (x) 5 | . 5 Average Overweight (x) . | . . Largest Inventory Capacity 10 | 4 10 Average Capacity 8 | 4 8 Most Carried 6 | 1 6 Average Carried 3 | . 3 Final Capacity 10 | 4 10 Final Carried 6 | 1 6 Class Distribution -------------------- 100% | Mutant Dominant Class ---------------- Mutant | -10/Materials Resources | -11 -10 ----------- Run | Scr Mat Matter Collected 396 | 152 244 Remotely . | . . Salvage Created 258 | . 258 Parts 17 | . 17 Haulers Intercepted . | . . Recyclers Shooed . | . . Parts Field Recycled . | . . Retrieved Matter . | . . Parts Self-Destructed . | . . Prevented . | . . Kills | -11 -10 ------- Run | Scr Mat Combat Hostiles Destroyed 8 | . 8 Guns 5 | . 5 AOE 3 | . 3 Classes Destroyed 3 | . 3 Watcher 1 | . 1 Swarmer 3 | . 3 Grunt 5 | . 5 Best Kill Streak 4 | . 4 Combat Bots Only 3 | . 3 Max Kills in Single Turn 4 | . 4 Gunslinging . | . . Exploded 3 | . 3 Melee . | . . Uniques/NPCs Destroyed . | . . Combat | -11 -10 -------- Run | Scr Mat Damage Taken 929 | . 929 Core 252 | . 252 Absorbed by Shields . | . . Core Remaining (%) 100 | 100 . Volleys Fired 65 | . 65 Largest 2 | . 2 Hottest 60 | . 60 Shots Fired 76 | . 76 Gun 75 | . 75 Cannon . | . . Launcher 1 | . 1 Special . | . . Kinetic 64 | . 64 Thermal 11 | . 11 Explosive 1 | . 1 Electromagnetic . | . . Robot Hit Streak 13 | . 13 Robot Miss Streak 4 | . 4 Penetration Max . | . . Secondary Targets 1 | . 1 Max Gunslinging Chain 1 | . 1 Shots Hit Robots 54 | . 54 Core Hits 22 | . 22 Critical Hits 1 | . 1 Critical Kills . | . . Critical Parts Destroyed 1 | . 1 Melee Attacks . | . . Impact . | . . Slashing . | . . Piercing . | . . Sneak Attacks . | . . Combat Hostiles . | . . Follow-up Attacks . | . . Damage Inflicted 671 | . 671 Guns 492 | . 492 Cannons . | . . Explosions 165 | . 165 Melee . | . . Ramming 14 | . 14 Kinetic 372 | . 372 Thermal 120 | . 120 Explosive 165 | . 165 Electromagnetic . | . . Impact . | . . Slashing . | . . Piercing . | . . Highest Corruption . | . . Average Corruption . | . . Corruption Purged . | . . Overload Shots . | . . Overflow Damage . | . . Projectiles . | . . Explosions . | . . Melee . | . . Knockbacks . | . . Impact . | . . Kinetic . | . . Secondary . | . . Self-Inflicted Damage 9 | . 9 Shots 1 | . 1 Rammed 3 | . 3 Targets Rammed 3 | . 3 Kicked . | . . Crushed . | . . Highest Temperature 172 | . 172 Average Temperature 71 | . 71 Received Heat Transfer 270 | . 270 Siege Activations . | . . Robots Corrupted . | . . Combat Hostiles . | . . Parts Fried . | . . Impact Corruptions . | . . Robots Melted . | . . Combat Hostiles . | . . Parts Melted 2 | . 2 Heat Transferred 275 | . 275 Parts Sabotaged . | . . Parts Stolen . | . . Parts Stripped . | . . Power Chain Reactions . | . . Missiles Intercepted . | . . Alert | -11 -10 ------- Run | Scr Mat Peak Influence 158 | . 158 Average Influence 58 | . 62 Maximum Alert Level . | . . Low Security (%) 100 | 100 100 Level 1 . | . . Level 2 . | . . Level 3 . | . . Level 4 . | . . Level 5 . | . . High Security . | . . Max Security . | . . Squads Dispatched 1 | . 1 Investigation . | . . Extermination . | . . Reinforcement 1 | . 1 Assault . | . . Garrison . | . . Intercept . | . . Construction Impeded . | . . Haulers Reinforced . | . . Stealth | -11 -10 --------- Run | Scr Mat Distress Signals 2 | . 2 Communications Jammed . | . . Distress Signals . | . . Times Spotted 24 | . 24 Peak Tracking Total 5 | . 5 Tactical Retreats 2 | . 2 Traps | -11 -10 ------- Run | Scr Mat Traps Triggered . | . . Indirectly . | . . Trap Hack Attempts . | . . Triggered . | . . Disarmed 6 | . 6 Reprogrammed . | . . Reused . | . . Traps Extracted . | . . Installed . | . . Triggered . | . . Machines | -11 -10 ---------- Run | Scr Mat Machines Disabled . | . . Max in Single Turn . | . . Machines Sabotaged . | . . Garrisons Compromised . | . . Overloaded Fab Kills . | . . Fab Network Shutdowns . | . . Hacking | -11 -10 --------- Run | Scr Mat Machines Accessed 4 | . 4 Terminals 4 | . 4 Fabricators . | . . Repair Stations . | . . Recycling Units . | . . Scanalyzers . | . . Garrison Access . | . . Total Hacks 14 | . 14 Successful 12 | . 12 Failed 2 | . 2 Catastrophic . | . . Database Lockouts . | . . Manual . | . . Terminals 14 | . 14 Fabricators . | . . Repair Stations . | . . Recycling Units . | . . Scanalyzers . | . . Garrison Access . | . . Terminal Hacks 12 | . 12 Record 5 | . 5 Robot Analysis 1 | . 1 Emergency Access Points 1 | . 1 Terminal Index 1 | . 1 Locate Traps 1 | . 1 Disarm Traps 1 | . 1 Recall Reinforcements 1 | . 1 Zone Layout 1 | . 1 Fabricator Hacks . | . . Repair Station Hacks . | . . Recycling Unit Hacks . | . . Scanalyzer . | . . Garrison Access Hacks . | . . Unauthorized Hacks . | . . Terminals . | . . Fabricators . | . . Repair Stations . | . . Recycling Units . | . . Scanalyzers . | . . Garrison Access . | . . Data Cores Recovered . | . . Used . | . . Hacking Detections 2 | . 2 Full Trace Events 1 | . 1 Feedback Events . | . . Feedback Blocked . | . . Robot Schematics Acquired . | . . Robots Built . | . . Matter . | . . Time . | . . Total Robot Build Rating . | . . Part Schematics Acquired . | . . Parts Built . | . . Matter . | . . Time . | . . Total Part Build Rating . | . . Parts Repaired . | . . Time . | . . Parts Recycled . | . . Recycled Matter . | . . Retrieved Matter . | . . Retrieved Components . | . . Parts Scanalyzed . | . . Part Schematics Acquired . | . . Parts Damaged . | . . Bothacking | -11 -10 ------------ Run | Scr Mat Used RIF Installer . | . . Robots Hacked . | . . Non-combat . | . . Combat . | . . Robot Hacks Applied . | . . Relay Couplers Released . | . . Robots Rewired . | . . Allies Hacked . | . . Hacks Repelled . | . . Allies | -11 -10 -------- Run | Scr Mat Total Allies . | . . Largest Group . | . . Highest-Rated Group . | . . Highest-Rated Ally . | . . Total Orders . | . . Ally Attacks . | . . Total Damage . | . . Kills . | . . Allies Corrupted . | . . Allies Melted . | . . Intel | -11 -10 ------- Run | Scr Mat Robot Analysis Total 1 | . 1 Derelict Logs Recovered . | . . Drone Launches . | . . Drone Recoveries . | . . Exploration | -11 -10 ------------- Run | Scr Mat Turns Passed 763 | 59 704 Spaces Moved 423 | 47 376 Core 12 | 8 4 Treads . | . . Legs 411 | 39 372 Wheels . | . . Hover . | . . Flight . | . . Fastest Speed 50 | 50 120 Average Speed 140 | 108 144 Slowest Speed 300 | 120 300 Overloaded Moves . | . . Propulsion Burnouts . | . . Robots Hopped . | . . Cave-ins Triggered . | . . Exploration Rate (%) 29 | 3 55 Regions Visited 1 Branch Regions . Pre-discovered Areas . | . . Known Exits Taken . | . . Unknown Exits Taken 1 | 1 . Scrap Searched . | . . Spaces Dug . | . . Terrain Destroyed 9 | . 9 Melee . | . . Projectile . | . . AOE 9 | . 9 Actions | -11 -10 --------- Run | Scr Mat Total 521 | 52 469 Wait . | . . Move 422 | 46 376 Hop . | . . Pick Up 10 | 1 9 Fast Attach 7 | 5 2 Attach 3 | . 3 Detach 3 | . 3 Swap 4 | . 4 Drop 4 | . 4 Fire 65 | . 65 Melee . | . . Ram 2 | . 2 Kick 1 | . 1 Crush . | . . Escape Stasis . | . . Rewire . | . . Trap . | . . Miscellaneous . | . . Route ------- -11/Scrapyard -10/Materials (discovered 1 exit: [*Mat]) History --------- Turn | Location | Event 7 | -11/Scrapyard | Discovered new exit (range 16) 60 | -11/Scrapyard | Entered Materials 317 | -10/Materials | Build established: Mutant 604 | -10/Materials | Discovered new exit (range 15) 749 | -10/Materials | Core integrity fell below 50% 760 | -10/Materials | Core integrity fell below 20% 764 | -10/Materials | Destroyed by S-10 Pest with Light Assault Rifle Last Messages --------------- U-05 Engineer builds a Wall. U-05 Engineer lays Concrete. K-01 Serf collects debris. U-05 Engineer lays Concrete. K-01 Serf collects debris. U-05 Engineer builds a Door. K-01 Serf collects debris. U-05 Engineer lays Concrete. Grenade Launcher destroyed. O-16 Technician: "IFF HANDSHAKE FAILED. SECURING TERMINAL." K-01 Serf collects debris. U-05 Engineer lays Concrete. ALERT: Hostiles spotted, dispatching reinforcements to Terminal M001. U-05 Engineer lays Concrete. U-05 Engineer builds a Wall. U-05 Engineer lays Concrete. U-05 Engineer builds a Wall. Ion Engine destroyed. Aluminum Leg destroyed. Slammed into S-10 Pest. Map ----- +----------------------------------------------------+ | ?? ?????????????????????????????????? | | ? #????????????????????????????????? | | #????????????????????????????????? | | # """ #????????????????????????????????? | | # """ #????????????????????????????????? | | # """ #????????????????????????????????? | | # ##########+####### ??????????????? | | # ??????????????? | | # ??????????????? | | # ! ??????????????? | | # ###+#### ##########????????????????? | | # ## ## # ?????????????????? | | # ## ""## # """ ?????????????????? | | # ## T"## + """"" ??????????????????? | | # ## ""## # """"" ?????????????????? | | # ## ## # """"" #????????????????? | | # ## ## # """ #????????????????? | | # ## ## # #????????????????? | | # ## ## # #????????????????? | | # ## % ## # #????????????????? | | ###+### ##########????????????????? | | #??????????????????? | | T ###### #??########+###????? | | #????# ######### #????? | | ########+####??# s s=% ! #????? | | ## ###?# ??#k @ %* #????? | | ?# #???# """ ??# s %=% #????? | | ?# #???# """ ??#+######+## #????? | | ?# #???# """ ??# ## ##????? | | ?# #???# "T"??# [ "T" ## #?????? | | ?# ##### """??# """ ## #?????? | | ?# ##+#+######??# ## #?????? | | ?# #????##+######### #?????? | | ?# T #?????# ??????? #?????? | | ?# #?????# ? ????? #?????? | | ?# ###+###+##????# "?????[/! +?????? | | ### ## #????# T?? ??[/! #?????? | | # ## """ #????# "???? /! #?????? | | ??? ?????????????????# ????[ #?????? | | ?????????????????????# ??? ! #?????? | | ?????????????????????# ?? #?????? | | ?????????????????????? ?? #?????? | | ??????????????????????+###?#+### #?????? | | ???????????????????????????????? #?????? | | ???????????????????????????????? +?????? | | ????????????????????????/??????? #?????? | | ???????????????????????????????? ??????? | | ?????????????????????????????????????????? | | ?????????????????????????????????????????? | | ?????????????????????????????????????????? | +----------------------------------------------------+ Best States ------------- Heat Dissipation 25 Energy Generation 10 Energy Capacity 250 Matter Stores 300 Matter Capacity 300 Sight Range 16 Terrain Scan Density 10 Evasion (%) 40 Item Schematics ----------------- None Robot Schematics ------------------ None Fabricated ------------ Nothing Alien Tech Used ----------------- None Achievements -------------- None Challenges ------------ None Game ------ Seed AluminumSignalBoregun Manual? 0 Play Time 00:10:01 Cumulative 3.8 hours Start 2019.12.30 @ 22:46:06 End 2019.12.30 @ 22:57:35 Sessions 1 Manual Loads 0 Difficulty Rogue Special Mode None Game No. 8 Rogue 8 Adventurer 0 Explorer 0 Win Type - Total 0 Types 0/0/0/0/0/0/0 Lore% 12 Gallery% 7 Achievement% 6 Wizard Run 0 Options --------- ASCII 0 Keyboard 1 Movement Numpad Keybinds 0 Fullscreen 2 Font 18/X11 Map View 76x50 Tactical HUD 0 Map Filters NONE Filters NONE Steam 1 RUN: 1a8ca0dc-395d-47bb-8d2e-f725b1b3d25c